Map: Acid Plant LE

Players

Dark - Winner!

  • Race: Zerg Zerg
  • Spawn Location: 11:00

ShoWTimE

  • Race: Protoss Protoss
  • Spawn Location: 5:00

Event: 2018 WCS Global Finals

VOD

Have the link to the VOD?

Description

Time

  • Played on: Oct. 28, 2018, 5:36 p.m.
  • Length: 14:24

All games in this series

Show
View Real Time Build Order
Export as new Build Order

Dark Zerg - Winner!

Build Orders: Hatch First, Lurkers, Roach Hydra 

Get SALT Encoding   

  12  0:00  Drone  
  13  0:12  Overlord  
  13  0:16  Drone  
  14  0:31  Drone x2  
  14  0:35  Drone  
  17  0:50  Drone  
  18  0:57  Drone  
  18  1:01  Hatchery  
  18  1:05  Extractor  
  17  1:13  Spawning Pool  
  17  1:16  Drone  
  17  1:19  Drone  
  18  1:29  Drone  
  19  1:41  Drone  
  20  1:47  Hatchery  
  20  1:52  Drone  
  20  2:00  Drone  
  21  2:11  Drone  
  21  2:12  Queen  
  24  2:17  Drone  
  24  2:21  Queen  
  27  2:27  Overlord  
  27  2:30  Zergling x2  
  28  2:37  Metabolic Boost  
  28  2:45  Zergling x2  
  28  2:46  Drone x3  
  30  3:06  Drone x4  
  30  3:10  Drone x2  
  36  3:17  Queen  
  38  3:24  Overlord  
  38  3:26  Drone x3  
  41  3:31  Drone  
  41  3:33  Overlord  
  42  3:38  Overlord  
  42  3:43  Drone x4  
  42  3:46  Drone x2  
  48  3:53  Drone  
  48  3:55  Spore Crawler x2  
  48  3:57  Spore Crawler  
  48  3:59  Queen  
  48  4:03  Drone x2  
  48  4:07  Drone  
  51  4:13  Overlord  
  51  4:14  Drone  
  51  4:15  Drone, Roach Warren  
  52  4:18  Drone x2  
  52  4:23  Drone x2  
  56  4:25  Drone  
  56  4:26  Drone  
  56  4:27  Lair  
  58  4:35  Queen  
  58  4:36  Drone x2, Extractor x2  
  58  4:38  Drone, Extractor  
  61  4:43  Drone  
  61  4:44  Drone  
  61  4:46  Drone x3  
  61  4:47  Overlord  
  61  4:52  Overlord  
  64  4:56  Drone x2  
  66  5:00  Overlord  
  66  5:01  Extractor  
  65  5:07  Drone x3, Evolution Chamber  
  65  5:08  Overlord  
  67  5:16  Drone  
  67  5:17  Drone  
  68  5:23  Drone x3, Zergling x6  
  68  5:24  Zergling x2  
  75  5:29  Roach x2  
  75  5:30  Glial Reconstitution  
  79  5:36  Extractor  
  79  5:38  Roach x3  
  79  5:39  Roach x2  
  79  5:41  Zerg Missile Weapons Level 1  
  88  5:45  Overlord  
  88  5:54  Overlord  
  88  5:55  Hydralisk Den, Roach x3  
  93  5:58  Drone x5  
  97  6:14  Drone x3  
  97  6:15  Drone  
  101  6:19  Overlord  
  101  6:24  Overlord  
  103  6:25  Roach  
  103  6:26  Roach x4  
  110  6:40  Grooved Spines, Pneumatized Carapace  
  110  6:41  Hatchery, Hydralisk x5  
  117  6:51  Hydralisk x4  
  117  6:52  Hydralisk  
  117  6:54  Hydralisk  
  128  7:05  Hatchery  
  128  7:08  Hydralisk  
  127  7:09  Overlord x2  
  127  7:12  Overlord  
  127  7:14  Overlord  
  129  7:18  Overlord  
  129  7:22  Overseer  
  129  7:28  Hydralisk x3  
  135  7:30  Drone  
  135  7:31  Drone  
  135  7:34  Drone  
  135  7:35  Roach  
  135  7:36  Roach  
  141  7:37  Roach  
  143  7:44  Roach  
  143  7:45  Hydralisk x2, Roach  
  143  7:47  Roach  
  143  7:49  Roach  
  155  7:51  Muscular Augments  
  155  7:52  Roach  
  157  8:05  Hydralisk x3  
  160  8:06  Drone  
  160  8:07  Roach x3  
  160  8:09  Overlord  
  160  8:11  Overlord  
  169  8:16  Overlord x2  
  169  8:20  Overlord  
  169  8:23  Overlord  
  169  8:39  Drone x13  
  180  8:43  Infestation Pit  
  180  8:45  Lurker Den  
  178  8:51  Zerg Missile Weapons Level 2  
  178  8:53  Drone  
  178  8:54  Overlord  
  177  8:59  Hydralisk x8  
  193  9:07  Extractor, Spore Crawler  
  193  9:08  Extractor  
  190  9:13  Drone  
  191  9:22  Hydralisk x2  
  191  9:23  Hydralisk x2  
  197  9:34  Hive  
  197  9:37  Hydralisk  
  197  9:38  Hydralisk  
  191  10:07  Hatchery  
  188  10:18  Lurker x12  
  188  10:20  Overseer  
  200  10:39  Hydralisk x2  
  200  10:40  Hydralisk x2  
  200  10:45  Spire  
  199  10:55  Hydralisk x4  
  199  10:56  Hydralisk x4  
  193  10:57  Roach x4  
  193  10:58  Roach  
  193  11:00  Roach x3  
  193  11:01  Hydralisk x2  
  193  11:03  Hydralisk  
  156  11:08  Roach x2  
  156  11:11  Zergling x2, Roach x3  
  153  11:12  Zergling x8  
  153  11:15  Zergling x10  
  153  11:16  Zergling x12  
  153  11:18  Adaptive Talons  
  169  11:21  Roach x3  
  169  11:22  Zergling x14, Roach  
  169  11:23  Evolution Chamber  
  183  11:27  Zergling x2  
  183  11:31  Lurker  
  185  11:36  Viper  
  188  11:47  Hydralisk x5  
  188  11:48  Zergling x2  
  199  12:06  Zerg Ground Armor Level 1  
  199  12:11  Drone  
  196  12:22  Hydralisk x5  
  185  12:25  Hydralisk x2  
  185  12:26  Zergling x2  
  185  12:27  Zergling x4  
  186  12:39  Hydralisk  
  186  12:40  Hydralisk x7  
  185  12:51  Hydralisk x6  
  185  12:53  Roach  
  185  12:57  Hydralisk x2  
  191  12:59  Hydralisk  
  191  13:01  Zergling x6  
  191  13:02  Zergling x18  
  191  13:05  Roach x3  
  183  13:16  Hydralisk  
  183  13:17  Hydralisk x3  
  180  13:25  Hydralisk x2  
  180  13:26  Hydralisk x4  
  165  13:30  Hydralisk x2  
  165  13:32  Hydralisk  
  167  13:34  Roach  
  167  13:35  Zergling x6  
  167  13:41  Hydralisk  
  172  13:44  Hydralisk x3  
  172  13:47  Roach x3  
  186  13:49  Zergling x16  
  198  13:55  Roach x2  
  198  13:57  Roach  
Show
View Real Time Build Order
Export as new Build Order

ShoWTimE Protoss 

Build Orders: 1 Gate Expand, Oracle Opening, Phoenix Opening, Archon Immortal, Zealot Archon, Archon Drop 

Get SALT Encoding   

  12  0:00  Probe  
  13  0:13  Pylon  
  13  0:14  Probe  
  14  0:22  Probe  
  15  0:32  Probe  
  16  0:40  Gateway  
  16  0:44  Probe  
  16  0:49  Assimilator  
  17  0:56  Probe  
  18  1:08  Probe  
  19  1:21  Probe  
  20  1:27  Cybernetics Core  
  20  1:36  Nexus  
  20  1:44  Pylon  
  20  1:48  Probe  
  20  1:53  Assimilator  
  21  1:55  Adept  
  21  1:59  Probe  
  22  2:07  Probe  
  24  2:15  Probe  
  25  2:21  Adept  
  28  2:26  Probe  
  28  2:29  Stargate  
  29  2:34  Warp Gate  
  29  2:38  Probe  
  30  2:45  Probe  
  30  2:48  Adept  
  30  2:50  Probe  
  34  2:53  Probe  
  35  3:02  Probe  
  35  3:03  Probe  
  35  3:05  Phoenix  
  35  3:14  Probe  
  35  3:15  Probe  
  39  3:20  Gateway  
  39  3:26  Pylon  
  39  3:27  Probe  
  40  3:28  Probe  
  40  3:32  Oracle  
  44  3:39  Probe  
  44  3:40  Assimilator, Probe  
  46  3:44  Assimilator  
  46  3:50  Probe  
  46  3:51  Probe  
  46  3:54  Robotics Facility  
  48  3:58  Probe  
  49  4:03  Pylon, Probe  
  49  4:06  Probe  
  50  4:13  Twilight Council  
  50  4:15  Probe  
  52  4:18  Probe  
  53  4:25  Gateway x2  
  53  4:28  Probe  
  54  4:33  Warp Prism  
  54  4:34  Pylon  
  56  4:55  Templar Archives  
  56  4:56  Adept x2  
  60  5:08  Pylon  
  60  5:13  Nexus  
  60  5:14  Probe x2  
  62  5:22  Observer  
  62  5:26  Probe x2  
  62  5:28  Pylon  
  65  5:30  Shield Battery  
  65  5:32  High Templar x4  
  73  5:36  Archon x2  
  73  5:39  Probe x2  
  75  5:42  Forge  
  75  5:47  Immortal  
  79  5:51  Probe  
  79  5:52  Probe  
  81  5:57  Robotics Facility  
  81  6:03  Probe  
  82  6:04  Probe  
  83  6:15  Probe  
  83  6:16  Probe  
  85  6:21  Pylon  
  85  6:23  Zealot  
  85  6:25  Immortal  
  85  6:26  Protoss Ground Weapons Level 1  
  85  6:27  Probe  
  85  6:28  Zealot, Probe x2  
  89  6:35  Assimilator  
  89  6:36  Immortal  
  89  6:39  Charge, Probe  
  94  6:40  Assimilator, Probe x2  
  100  6:52  Pylon, Probe x2  
  100  6:53  Probe  
  99  6:54  Immortal  
  99  7:05  Sentry x2, Gateway  
  99  7:06  Gateway  
  99  7:07  Probe x2  
  103  7:15  Pylon  
  103  7:16  Immortal  
  103  7:19  Psionic Storm  
  103  7:21  Probe  
  108  7:23  Photon Cannon  
  108  7:25  Immortal  
  108  7:27  Pylon  
  105  7:30  High Templar  
  105  7:34  Pylon  
  111  7:40  Photon Cannon  
  111  7:45  High Templar  
  111  7:46  Immortal  
  111  7:51  Gateway  
  117  7:58  Shield Battery  
  117  8:03  High Templar  
  119  8:08  Photon Cannon, Pylon  
  119  8:09  Oracle  
  119  8:10  Photon Cannon  
  120  8:15  Photon Cannon, Pylon  
  120  8:17  Shield Battery  
  120  8:20  Immortal  
  120  8:21  High Templar  
  126  8:29  Zealot  
  126  8:30  Zealot x2  
  126  8:32  Zealot  
  133  8:35  Immortal  
  133  8:36  Zealot  
  131  8:49  Immortal  
  131  8:50  Zealot x2  
  131  8:53  Shield Battery  
  133  9:00  Pylon  
  137  9:03  Protoss Ground Weapons Level 2  
  137  9:07  High Templar  
  139  9:12  Pylon  
  139  9:14  Pylon  
  139  9:18  Observer  
  140  9:26  Zealot x3  
  140  9:27  Immortal  
  140  9:30  Gateway  
  148  9:31  Pylon  
  148  9:32  Gateway  
  148  9:39  Fleet Beacon  
  148  9:40  Stargate  
  148  9:51  Zealot x4  
  156  9:56  Zealot  
  150  10:13  Nexus, Stalker  
  150  10:14  Stalker x2, Pylon  
  156  10:17  Pylon  
  156  10:22  Tempest  
  156  10:24  Stalker x2  
  158  10:30  Tempest  
  164  10:41  Pylon  
  170  10:46  Pylon  
  169  10:52  Zealot x3  
  157  10:59  Zealot x3  
  157  11:01  Archon  
  157  11:02  Immortal x2  
  137  11:19  High Templar x5  
  137  11:24  Probe  
  137  11:25  Probe  
  148  11:26  Probe  
  148  11:28  Tempest  
  155  11:36  Probe  
  155  11:39  Photon Cannon, Probe x2  
  158  11:40  Observer  
  159  11:47  Assimilator  
  159  11:48  Assimilator  
  159  11:51  Zealot x2  
  159  11:52  Tempest  
  163  11:55  Stalker x2  
  173  12:09  High Templar x2  
  173  12:12  Zealot x2  
  179  12:18  Zealot  
  179  12:19  Zealot  
  165  12:23  Zealot  
  157  12:35  Zealot x2  
  143  12:39  Zealot  
  140  12:48  Archon  
  140  12:49  Zealot x4  
  137  12:55  Zealot  
  137  12:56  Zealot  
  131  13:01  Zealot  
  121  13:17  Zealot x5  
  116  13:21  Zealot  
  108  13:28  High Templar  
  110  13:36  High Templar x2  
  110  13:39  High Templar x3  
  118  13:48  High Templar  
  118  13:51  Pylon  
  118  13:53  Nexus  
  118  14:04  Archon x2  
  118  14:08  High Templar  
  118  14:09  High Templar x2  
  112  14:11  Zealot x3  
  110  14:18  Archon  
Tags
 
Add a new tag
Caveats
  • Supply blocks, unpowered buildings, or Contaminate may cause inaccurate times.
  • Supply counts are checked every 10 seconds.